 Dungeon Crawl Stone Soup version 0.27-a0-1154-gfdeffcb720 (webtiles) character file.

Game seed: 9111487541868630520

44 maxwell1 the Chopper (level 3, -4/29 HPs)
             Began as a Demonspawn Berserker on May 15, 2021.
             Was a Believer of Trog.
             Killed by nerve-wracking pain
             ... invoked by Grinder
              (8 damage)
             ... on level 3 of the Dungeon.
             The game lasted 00:05:25 (1954 turns).

maxwell1 the Chopper (Demonspawn Berserker)         Turns: 1954, Time: 00:05:25

Health: -4/29      AC: 13    Str: 18    XL:     3   Next: 41%
Magic:  3/3        EV: 10    Int:  8    God:    Trog [**....]
Gold:   96         SH:  0    Dex: 12    Spells: 2/2 levels left

rFire    . . .     SeeInvis .   a - +0 hand axe
rCold    . . .     Faith    .   (no shield)
rNeg     . . .     Spirit   .   b - +0 scale mail
rPois    .         Reflect  .   (no helmet)
rElec    .         Harm     .   (no cloak)
rCorr    .         Rampage  .   f - +0 pair of gloves
Will     .....                  (no boots)
Stlth    ..........             (no amulet)
HPRegen  0.09/turn              (no ring)
MPRegen  0.08/turn              (no ring)

@: brilliant, sanguine armoured
A: spiny 1, sanguine armour 1
a: Renounce Religion, Berserk, Trog's Hand


You were on level 3 of the Dungeon.
You worshipped Trog.
Trog was pleased with you.
You visited 1 branch of the dungeon, and saw 3 of its levels.

You collected 96 gold pieces.

Inventory:

Hand Weapons
 a - a +0 hand axe (weapon)
Armour
 b - a +0 scale mail (worn)
 f - a +0 pair of gloves (worn)
Scrolls
 c - a scroll of acquirement {unknown}
 e - a scroll of blinking {unknown}
Potions
 d - 2 potions of curing {unknown}
 h - a potion of heal wounds {unknown}


   Skills:
 + Level 3.3 Fighting
 + Level 3.5 Axes
 + Level 2.0 Armour
 + Level 2.0 Dodging


You had 2 spell levels left.
You didn't know any spells.
Your spell library was empty.

Dungeon Overview and Level Annotations

Branches:
Dungeon (3/15)

Altars:

Annotations:
D:3 Grinder


Innate Abilities, Weirdness & Mutations

You are partially covered in sharp spines.
When seriously injured, your bleeding wounds create armour. (AC +6)


Message History

You see here a book of Maledictions.
There is a stone staircase leading down here.
You open the door.
There is an open door here.
You see here a +0 scale mail.
Done exploring.
Done exploring.
You drop a +0 hand axe.
Setting a skill training target for Axes at 14.0.
Done exploring.
Done exploring.
Unknown command.
There is an escape hatch in the floor here.
You slide downwards.
The hatch slams shut behind you.
Grinder comes into view.
Found 25 arrows.
Grinder is struck by your spines. Grinder hits you but does no damage.
You hit Grinder.
Grinder is moderately wounded.
Grinder hits you.
You writhe in agony.
You hit Grinder but do no damage.
Grinder is moderately wounded.
Grinder gestures at you.
You suddenly lose the ability to move!
Grinder barely misses you. Grinder gestures at you.
Pain shoots through your body! Grinder hits you!
Your blood congeals into armour.
Grinder hits you but does no damage. Grinder gestures at you.
Pain shoots through your body!
* * * LOW HITPOINT WARNING * * *
Grinder blinks!
You can move again.
Grinder is nearby!
It was a potion of brilliance.
You feel clever all of a sudden. Grinder gestures at you.
Pain shoots through your body!
You die...

# .#####
....#######
#......5.#
#........#
#..@.....#
#...ยง....#
#........#
#........#
#..(.....#
...#######
#####


You could see Grinder.

Vanquished Creatures
  An adder (D:2)
  A dart slug (D:1)
  A bat (D:1)
  5 endoplasms
  3 hobgoblins
  4 jackals (D:2)
  2 quokkas (D:2)
  2 ball pythons
  6 kobolds
  6 rats
31 creatures vanquished.

Notes
Turn   | Place    | Note
-------+----------+-------------------------------------------
     0 | D:1      | maxwell1 the Demonspawn Berserker began the quest for the
                  | Orb.
     0 | D:1      | Reached XP level 1. HP: 18/18 MP: 1/1
   203 | D:1      | Gained mutation: When seriously injured, your bleeding
                  | wounds create armour. (AC +6) [demonic ancestry]
   203 | D:1      | Reached XP level 2. HP: 23/24 MP: 2/2
   606 | D:1      | Found a faded altar of an unknown god.
  1605 | D:2      | Reached ** piety under Trog
  1606 | D:2      | Gained mutation: You are partially covered in sharp spines.
                  | [demonic ancestry]
  1606 | D:2      | Reached XP level 3. HP: 29/29 MP: 3/3
  1944 | D:3      | Noticed Grinder
  1947 | D:3      | Paralysed by Grinder for 7 turns
  1954 | D:3      | Killed from afar by Grinder

Illustrated notes

Levels and vault maps discovered:
D:1:      dpeg_arrival_snail, layout_basic,
          hellmonk_ecumenical_altar_slurped_away
D:2:      layout_basic, minmay_distorted
D:3:      layout_basic, serial_shops, nicolae_shop_stone, uniq_grinder,
          uniq_terence, uniq_sigmund

Skill      XL: |  1  2 |
---------------+-------+-----
Axes           | 3 |  3.5
Armour         | 2 |  2.0
Dodging        | 2 |  2.0
Fighting       | |  3.3

Action                   || total
-------------------------++-------
Melee: Hand axe          ||   101
  Use: Potion            ||     1
Armor: Animal skin       ||    10
       Scale mail        ||    35
       Leather armour    ||     1
Dodge: Dodged            ||    66

Table legend: (Time is in decaauts)
 A = Elapsed time spent in this place.
 B = Non-inter-level travel time spent in this place.
 C = Inter-level travel time spent in this place.
 D = Time resting spent in this place.
 E = Time spent auto-exploring this place.
 F = Levels seen in this place.
 G = Mean time per level.
                   A        B        C        D        E       F      G
               +--------+--------+--------+--------+--------+-----+--------+
         Total |   1968 |   1914 |     54 |    320 |   1328 |   3 |  656.0 |
       Dungeon |   1968 |   1914 |     54 |    320 |   1328 |   3 |  656.0 |
               +--------+--------+--------+--------+--------+-----+--------+

Top non-repeatable levels by time:
     D:2: 1140 daAuts
     D:1: 818 daAuts
     D:3: 9 daAuts
